[Event "GER-ch Youth-U18w 2023"]
[Site "Willingen"]
[Date "2023.06.03"]
[Round "9.5"]
[White "Glowiak, Alexandra"]
[Black "Peglau, Mirjam"]
[Result "1-0"]
[Annotator "TA"]
[ECO "B43"]
[WhiteElo "1660"]
[BlackElo "1932"]
[PlyCount "93"]
[EventDate "2022.06.05"]
[EventType "swiss"]
[EventRounds "9"]
[EventCountry "GER"]
[SourceTitle "playchess.com"]
[Source "ChessBase"]
[SourceQuality "1"]
[TimeControl "40/4500+30:900+30"]

1. e4 c5 2. Nf3 e6 3. d4 cxd4 4. Nxd4 a6 5. Nc3 b5 6. a3 Bb7 7. Be3 {[%emt 0:00:00] B43: Sicilian: Kan Variation: 5 Nc3.} Ne7 8. Be2 Nbc6 9. Nxc6 (9. Nb3 $14) 9... Nxc6 $11 10. O-O Be7 11. Qd2 O-O 12. Rad1 d6 {[%emt 0:00:00] [#]} 13. Bf4 $146 ({Predecessor:} 13. f4 Rc8 14. Bf3 Qc7 15. Qf2 Qb8 16. Rd2 Na5 17. Ba7 Qa8 18. Bd4 {0-1 Suarez,M-Dolezal,C (2290) Buenos Aires op 1995 (2)}) 13... e5 (13... Ne5 $11) 14. Be3 $14 Na5 15. f3 (15. b3 $14) 15... Rc8 $11 16. a4 Nc4 (16... b4 $5 17. Na2 b3 $11) 17. Bxc4 bxc4 18. Nd5 Bxd5 19. Qxd5 Qc7 20. b4 {[%emt 0:05:50] b5 would be deadly.} cxb3 21. cxb3 Qc3 {[%emt 0:03:52] Repels b4} 22. Bb6 Bg5 23. Qd3 (23. Qxd6 $2 Rc6 24. Qd3 Qxd3 25. Rxd3 Rxb6 $19) (23. h3 {with more complications.} Rc6 24. Rd3 Qc2 25. Rf2) 23... Qb2 24. Qxa6 Rc2 25. Rf2 (25. Rxd6 $2 Rxg2+ 26. Kh1 Rxh2+ 27. Kg1 Qg2#) 25... Qxb3 {[%emt 0:01:01] [#] Strongly threatening ...Rxf2.} 26. Rxc2 (26. Rxd6 $2 {loses.} Be3 27. Bxe3 Qxe3 $19) (26. Qb5 $16 Qc4 27. g3 (27. Rxd6 $2 Rc1+) (27. Rxc2 Qxc2 28. Rf1 h6 $11)) 26... Qxc2 27. Rf1 h5 28. a5 {[%emt 0:01:25] aiming for Qb7.} Qc6 {[%emt 0:05:56] Wards off Qb7} 29. Qd3 {[%emt 0:00:36] Dodges Be3+} Bd8 $1 30. Bxd8 Rxd8 $14 {[%emt 0:00:01][%mdl 4096] Endgame KQR-KQR} 31. Ra1 Ra8 32. Qd5 Qa6 33. Kf2 g6 34. Rb1 {[%emt 0:00:23] And now Rb6 would win.} Ra7 ({Weaker is} 34... Qa7+ 35. Kg3 h4+ 36. Kxh4 $16) 35. Rb6 ({Better is} 35. Kg3 $1 $14) 35... Qxa5 $11 36. Qxd6 Kh7 (36... Ra8 $11) 37. Qf6 (37. Kg3 $14) 37... Qc5+ $1 38. Kg3 {[%emt 0:00:10] Rb8 would kill now.} Qc7 {[%emt 0:00:34] Prevents Rb8.} (38... Qe7 $1 $11) 39. Rb5 $36 {[%emt 0:00:34][%mdl 2048] White is pushing.} Qe7 40. Qxe5 {[%emt 0:00:36] White is more active.} Qd7 $2 {[%emt 0:00:21] [#] A mistake that costs the game.} ({Black should play} 40... Qxe5+ $14 41. Rxe5 Kg7) 41. Rb8 $1 $18 f6 (41... h4+ {is a better defense.} 42. Kxh4 Qe7+ 43. Qxe7 Rxe7) 42. Qxf6 Qc7+ 43. Qf4 Qe7 $2 (43... h4+ 44. Kg4 (44. Kxh4 {leads to mate.} Qxf4+ 45. Kh3 Qxb8 46. e5 Qxe5 47. Kh4 Qxh2+ 48. Kg5 Rf7 49. Kg4 Rf4+ 50. Kg5 Qh6#) 44... Qxf4+ 45. Kxf4 h3 46. gxh3 Ra2) 44. Rf8 {[%emt 0:00:10] White is clearly winning.} Kg7 45. Rc8 Rb7 46. h4 Rd7 (46... Kh7 $142 47. Rc6 Kg7) 47. Rc6 {[%emt 0:04:55] Weighted Error Value: White=0.12 (very precise) /Black=0.40} 1-0

[Event "GER-ch Youth-U18w 2023"]
[Site "Willingen"]
[Date "2023.06.03"]
[Round "9.6"]
[White "Adelhardt, Lisa"]
[Black "Werner, Rosalie"]
[Result "1/2-1/2"]
[Annotator "NA RC COMBH"]
[ECO "B21"]
[WhiteElo "1656"]
[BlackElo "1751"]
[PlyCount "61"]
[EventDate "2022.06.05"]
[EventType "swiss"]
[EventRounds "9"]
[EventCountry "GER"]
[SourceTitle "playchess.com"]
[Source "ChessBase"]
[SourceQuality "1"]
[TimeControl "40/4500+30:900+30"]

1. e4 c5 2. Be2 d6 3. f4 g6 4. Nf3 Bg7 5. d3 Nc6 6. c3 e5 7. O-O Nge7 8. Kh1 O-O 9. Qe1 f5 10. fxe5 dxe5 11. Nbd2 h6 12. exf5 gxf5 13. Qh4 Be6 14. Nb3 Bxb3 15. axb3 Qd6 16. Qc4+ Qd5 17. Nh4 Qxc4 18. bxc4 Rad8 19. g3 Rd6 20. Be3 b6 21. b4 cxb4 22. cxb4 Rd7 23. b5 Nb4 24. Rad1 Nc2 25. Bg1 Nd4 26. Bh5 Kh7 27. Kg2 Ne6 28. Be3 Ng5 29. Nf3 Nxf3 30. Kxf3 Ng6 31. Ke2 1/2-1/2

[Event "GER-ch Youth-U18w 2023"]
[Site "Willingen"]
[Date "2023.06.03"]
[Round "9.7"]
[White "Zoellner, Bente"]
[Black "Cordes, Jule"]
[Result "1-0"]
[Annotator "NA RC COMBH"]
[ECO "D36"]
[WhiteElo "1700"]
[BlackElo "1744"]
[PlyCount "97"]
[EventDate "2022.06.05"]
[EventType "swiss"]
[EventRounds "9"]
[EventCountry "GER"]
[SourceTitle "playchess.com"]
[Source "ChessBase"]
[SourceQuality "1"]
[TimeControl "40/4500+30:900+30"]

1. d4 d5 2. c4 e6 3. Nc3 Nf6 4. Bg5 Be7 5. cxd5 exd5 6. e3 O-O 7. Bd3 c6 8. Qc2 Nbd7 9. Nge2 Re8 10. O-O Nf8 11. f3 g6 12. a4 Ne6 13. Bh4 Qa5 14. Rad1 Ng4 15. Bf2 Nxf2 16. Kxf2 Ng7 17. Rfe1 Bd6 18. e4 dxe4 19. fxe4 Qh5 20. e5 Be7 21. Kg1 Nf5 22. Nf4 Qg4 23. Qf2 Bh4 24. g3 Nxg3 25. hxg3 Bxg3 26. Qg2 Bxf4 27. Ne4 Qxg2+ 28. Kxg2 Kg7 29. Kf3 Bh6 30. Rg1 Kh8 31. Nf6 Re7 32. Rh1 Kg7 33. Rh2 c5 34. Rdh1 cxd4 35. Rxh6 Rxe5 36. Ne4 Rh5 37. R6xh5 gxh5 38. Rxh5 Bd7 39. Nc5 Bc6+ 40. Kf4 h6 41. b4 b6 42. Be4 Bxe4 43. Nxe4 Rd8 44. Ng3 d3 45. Nf5+ Kg8 46. Nxh6+ Kg7 47. Nf5+ Kg8 48. Rh1 d2 49. Rd1 1-0

[Event "GER-ch Youth-U18w 2023"]
[Site "Willingen"]
[Date "2023.06.03"]
[Round "9.8"]
[White "Hafermann, Lara"]
[Black "Petersen, Sophie"]
[Result "0-1"]
[Annotator "NA RC COMBH"]
[ECO "B50"]
[WhiteElo "1498"]
[BlackElo "1763"]
[PlyCount "68"]
[EventDate "2022.06.05"]
[EventType "swiss"]
[EventRounds "9"]
[EventCountry "GER"]
[SourceTitle "playchess.com"]
[Source "ChessBase"]
[SourceQuality "1"]
[TimeControl "40/4500+30:900+30"]

1. e4 c5 2. Nf3 d6 3. Bc4 a6 4. Bb3 Nf6 5. d3 Nc6 6. c3 b5 7. O-O Bb7 8. Re1 e6 9. Nbd2 Be7 10. Nf1 O-O 11. Ng3 Qc7 12. d4 cxd4 13. cxd4 Rac8 14. e5 dxe5 15. dxe5 Rfd8 16. Qe2 Nd5 17. a3 Na5 18. Ba2 Qc2 19. Nd2 Nf4 20. Qg4 Nxg2 21. Bb1 Qa4 22. Qh5 g6 23. Qh6 Qh4 24. Qxh4 Nxh4 25. Be4 Bxe4 26. Ngxe4 Nc4 27. Kf1 Nxd2+ 28. Nxd2 Rc2 29. Re2 Bg5 30. Nb3 Rd1+ 31. Re1 Rxe1+ 32. Kxe1 Bxc1 33. Rxc1 Rxc1+ 34. Nxc1 Nf3+ 0-1

[Event "GER-ch Youth-U18w 2023"]
[Site "Willingen"]
[Date "2023.06.03"]
[Round "9.9"]
[White "Henninger, Claire"]
[Black "Evering, Enna"]
[Result "1-0"]
[Annotator "NA RC COMBH"]
[ECO "C54"]
[WhiteElo "1610"]
[BlackElo "1548"]
[PlyCount "157"]
[EventDate "2022.06.05"]
[EventType "swiss"]
[EventRounds "9"]
[EventCountry "GER"]
[SourceTitle "playchess.com"]
[Source "ChessBase"]
[SourceQuality "1"]
[TimeControl "40/4500+30:900+30"]

1. e4 e5 2. Nf3 Nc6 3. Bc4 Nf6 4. d3 h6 5. O-O Bc5 6. c3 d6 7. Nbd2 Be6 8. a4 a5 9. Bxe6 fxe6 10. Nc4 O-O 11. h3 Ne7 12. Nh2 Ng6 13. d4 exd4 14. cxd4 Bb4 15. Qe2 d5 16. e5 dxc4 17. exf6 Qxf6 18. Qxc4 c6 19. Ng4 Qe7 20. f4 Kh8 21. Be3 Bd6 22. Ne5 Bxe5 23. dxe5 Qf7 24. Rad1 Nh4 25. Qe2 Nf5 26. Bf2 Rad8 27. g4 Ne7 28. Bc5 Rfe8 29. Bxe7 Qxe7 30. Qc2 Qb4 31. b3 Rxd1 32. Qxd1 Qb6+ 33. Kg2 Rd8 34. Qf3 Rd2+ 35. Kh1 Qd4 36. g5 hxg5 37. fxg5 Qd5 38. Qxd5 cxd5 39. g6 Kg8 40. Rc1 Kf8 41. Rc8+ Ke7 42. Rc7+ Kf8 43. Rf7+ Kg8 44. Rxb7 Kf8 45. Rb8+ Ke7 46. Rb7+ Kf8 47. Rf7+ Ke8 48. Rxg7 Kf8 49. Rf7+ Kg8 50. Re7 Rd3 51. h4 Rh3+ 52. Kg2 Rxh4 53. Rxe6 Rb4 54. Rd6 Rxb3 55. Rxd5 Kg7 56. Rxa5 Kxg6 57. Rb5 Ra3 58. a5 Kf5 59. Kf2 Ke6 60. Ke2 Kd7 61. Rc5 Ra2+ 62. Kd3 Ra1 63. Kc4 Rh1 64. Kb5 Rb1+ 65. Ka6 Rb2 66. Rb5 Rh2 67. Kb7 Ke6 68. a6 Rh7+ 69. Kc6 Kf5 70. Kb6 Rh6+ 71. Ka7 Rh7+ 72. Rb7 Rh6 73. Re7 Rh8 74. Kb7 Rh1 75. a7 Rb1+ 76. Kc8 Ra1 77. Kb8 Rb1+ 78. Rb7 Ra1 79. a8=Q 1-0

[Event "GER-ch Youth-U18w 2023"]
[Site "Willingen"]
[Date "2023.06.03"]
[Round "9.10"]
[White "Kieckbusch, Lotta"]
[Black "Dohon, Maria-Johanna"]
[Result "0-1"]
[Annotator "NA RC COMBH"]
[ECO "B50"]
[WhiteElo "1308"]
[BlackElo "1507"]
[PlyCount "65"]
[EventDate "2022.06.05"]
[EventType "swiss"]
[EventRounds "9"]
[EventCountry "GER"]
[SourceTitle "playchess.com"]
[Source "ChessBase"]
[SourceQuality "1"]
[TimeControl "40/4500+30:900+30"]

1. e4 c5 2. Nf3 d6 3. c3 Nf6 4. Bd3 e5 5. Bc2 Nc6 6. d3 g6 7. Nbd2 Bg7 8. Nf1 O-O 9. Ng3 h6 10. O-O Be6 11. h3 Rc8 12. Be3 Ne7 13. Qd2 Kh7 14. d4 cxd4 15. cxd4 Qc7 16. Rac1 Qb8 17. Nh2 Nxe4 18. Nxe4 f5 19. Ng5+ hxg5 20. Bxg5 Ng8 21. Nf3 e4 22. Nh2 Rc4 23. d5 Rd4 24. Qf4 Bxd5 25. Qh4+ Bh6 26. g4 Kg7 27. Bxh6+ Nxh6 28. gxf5 Nxf5 29. Qg5 Qd8 30. Qxd8 Rxd8 31. Rfe1 Rh8 32. f3 exf3 33. Bxf5 0-1

[Event "GER-ch Youth-U18w 2023"]
[Site "Willingen"]
[Date "2023.06.03"]
[Round "9.11"]
[White "Kalina, Lena"]
[Black "Gossing, Marie-Sophie"]
[Result "1-0"]
[Annotator "NA RC COMBH"]
[ECO "A16"]
[WhiteElo "1776"]
[BlackElo "1395"]
[PlyCount "188"]
[EventDate "2022.06.05"]
[EventType "swiss"]
[EventRounds "9"]
[EventCountry "GER"]
[SourceTitle "playchess.com"]
[Source "ChessBase"]
[SourceQuality "1"]
[TimeControl "40/4500+30:900+30"]

1. c4 Nf6 2. Nc3 g6 3. g3 Bg7 4. Bg2 O-O 5. d3 d6 6. e4 c5 7. Nge2 e5 8. O-O Na6 9. a3 Bd7 10. Rb1 Nc7 11. b4 b6 12. f4 Nfe8 13. f5 g5 14. Be3 h6 15. Qd2 Nf6 16. h4 Ng4 17. Bxg5 hxg5 18. hxg5 Nf6 19. gxf6 Qxf6 20. Rf3 Bh6 21. Qe1 Bg5 22. Kf2 Kg7 23. Ng1 Qh6 24. Ke2 Rh8 25. Nh3 Bf6 26. Nd1 Rag8 27. Ne3 Kf8 28. Qf2 Ne8 29. Rh1 Qg7 30. Nd5 Bc8 31. Qe1 Bb7 32. Ne3 Be7 33. Qd1 Nf6 34. Qa4 a6 35. bxc5 dxc5 36. Rb1 Bd8 37. Qc2 Ng4 38. Nd5 Qh6 39. Qa4 Qd6 40. Rh1 Nf6 41. Ne3 Qd4 42. Qb3 Rg7 43. Nf2 Rgh7 44. Rxh7 Rxh7 45. g4 Nd7 46. Nh3 Rg7 47. Nf2 Bc6 48. Rh3 Bg5 49. Nfd1 Rg8 50. Nc3 Bxe3 51. Rxe3 Rxg4 52. Bf1 Rh4 53. Rg3 Rf4 54. Rg2 Rh4 55. Nd1 b5 56. Ne3 Nf6 57. Nc2 Qd7 58. Qc3 Qc7 59. Ke1 a5 60. cxb5 Bxb5 61. Ne3 Ke7 62. Rb2 Ba6 63. Nc4 Bxc4 64. Qxc4 Ng4 65. Rb5 Rh2 66. Rxc5 Qb6 67. Be2 Qb1+ 68. Qc1 Rh1+ 69. Bf1 Qxc1+ 70. Rxc1 Ne3 71. Ke2 Ng4 72. Kd2 Rh2+ 73. Be2 Kd6 74. Rc8 Nf6 75. Ra8 Nd7 76. Rxa5 Nc5 77. Ke1 Rh1+ 78. Kf2 Rh2+ 79. Kf1 Rh1+ 80. Kg2 Ra1 81. Ra8 Ra2 82. Kf3 Nb3 83. Ke3 Nd4 84. Bd1 Ra1 85. Kd2 Kc5 86. Bh5 Ra2+ 87. Kc1 f6 88. Bf7 Rc2+ 89. Kb1 Rd2 90. Bc4 Ne2 91. a4 Nc3+ 92. Kc1 Rf2 93. a5 Rf1+ 94. Kc2 Na4 1-0

[Event "GER-ch Youth-U18w 2023"]
[Site "Willingen"]
[Date "2023.06.03"]
[Round "9.12"]
[White "Avetyan, Manan"]
[Black "Foltin, Alica"]
[Result "1-0"]
[Annotator "NA RC COMBH"]
[ECO "A05"]
[WhiteElo "1368"]
[BlackElo "1540"]
[PlyCount "62"]
[EventDate "2022.06.05"]
[EventType "swiss"]
[EventRounds "9"]
[EventCountry "GER"]
[SourceTitle "playchess.com"]
[Source "ChessBase"]
[SourceQuality "1"]
[TimeControl "40/4500+30:900+30"]

1. Nf3 Nf6 2. g3 g6 3. Bg2 Bg7 4. d3 d6 5. e4 Nbd7 6. O-O O-O 7. Re1 e5 8. Nbd2 h6 9. c3 Nh7 10. d4 c6 11. Nf1 f5 12. exf5 gxf5 13. dxe5 dxe5 14. Nh4 Nc5 15. Ng6 Qxd1 16. Rxd1 Re8 17. Ne3 Ng5 18. h4 Nf7 19. h5 e4 20. Bh3 Ng5 21. Bxf5 Nf3+ 22. Kg2 Bxf5 23. Nxf5 Kh7 24. Be3 Nd3 25. Rxd3 exd3 26. Kxf3 Rad8 27. Rd1 b6 28. Bd4 Bxd4 29. Nxd4 c5 30. Nc6 Rd6 31. Nce5 Rf6+ 1-0